 Dungeon Crawl Stone Soup version 0.19.1 (webtiles) character file.

19796 Darkmans the Bludgeoner (level 12, -3/82 HPs)
             Began as a Gargoyle Fighter on Dec 17, 2016.
             Was the Champion of Okawaru.
             Slain by a six-headed hydra (11 damage)
             ... on level 1 of the Lair of Beasts.
             The game lasted 00:46:06 (14718 turns).

Darkmans the Bludgeoner (Gargoyle Fighter)         Turns: 14718, Time: 00:46:07

Health: -3/82      AC: 39    Str: 24    XL:     12   Next: 72%
Magic:  14/15      EV: 13    Int: 10    God:    Okawaru [******]
Gold:   557        SH:  0    Dex: 15    Spells: 0 memorised, 11 levels left

rFire  . . .     SeeInvis .     M - +2 great mace (protect)
rCold  . . .     Gourm    .     G - +6 scale mail "Temag" {*Drain +Fly rElec rPois}
rNeg   + . .     Faith    .     (shield currently unavailable)
rPois  ∞         Spirit   .     (no helmet)
rElec  +         Reflect  .     (no cloak)
rCorr  .         Harm     .     L - +0 pair of gloves
MR     ++...                    j - +0 pair of boots
Stlth  ++........               (no amulet)
                                h - +6 ring of dexterity
                                y - ring of protection from magic

@: heroism, protection aura, hasted, very quick
A: icy blue scales 1, molten scales 1, magic resistance 1, negative energy
resistance 1, robust 1, electricity resistance, wild magic 1, unbreathing,
petrification resistance, rot immunity, AC +8
a: Heroism, Finesse, Renounce Religion, Evoke Flight


You were on level 1 of the Lair of Beasts.
You worshipped Okawaru.
Okawaru was exalted by your worship.
You were full.

You visited 3 branches of the dungeon, and saw 15 of its levels.

You collected 557 gold pieces.

Inventory:

Hand Weapons
 z - a +0 morningstar
 K - the +3 eveningstar of Daraojent {drain, -Tele rElec rPois}
   (Okawaru gifted it to you on level 1 of the Lair of Beasts)

   A truly terrible weapon, it drains the life of those it strikes.
   It insulates you from electricity.
   It protects you from poison.
   It prevents most forms of teleportation.
 M - a +2 great mace of protection (weapon)
Armour
 c - a +0 shield
 j - a +0 pair of boots (worn)
 A - the +3 ring mail of Gexzu {rC+ rCorr Int+4 Stlth+}
   (You found it on level 7 of the Dungeon)

   It affects your intelligence (+4).
   It protects you from cold.
   It protects you from acid and corrosion.
   It makes you more stealthy.
 G - the +6 scale mail "Temag" (worn) {*Drain +Fly rElec rPois}
   (You found it on level 10 of the Dungeon)

   It insulates you from electricity.
   It protects you from poison.
   It lets you fly.
   It causes draining when unequipped.
 J - a +2 ring mail of fire resistance
 L - a +0 pair of gloves (worn)
Magical Staves
 C - an uncursed staff of conjuration
Jewellery
 h - a +6 ring of dexterity (right hand)
 q - an uncursed ring of see invisible
 y - a ring of protection from magic (left hand)
Wands
 B - a wand of iceblast (0/15)
 E - a wand of acid (0/15)
 F - a wand of polymorph (10/24)
 H - a wand of polymorph (12/24)
Scrolls
 a - a scroll of magic mapping {unknown}
 b - a scroll of enchant weapon {unknown}
 d - a scroll of noise
 m - 2 scrolls of amnesia {unknown}
 n - 2 scrolls of enchant armour {unknown}
 o - 5 scrolls of remove curse
 r - 3 scrolls of fear
 u - 4 scrolls of teleportation
 w - a scroll of fog
 D - a scroll of vulnerability {unknown}
 I - a scroll of immolation {unknown}
Potions
 e - a potion of magic
 k - a potion of flight
 p - 2 potions of brilliance
Books
 s - a Young Poisoner's Handbook

   Spells                             Type                      Level
   a - Sting                          Conjuration/Poison           1
   b - Mephitic Cloud                 Conjuration/Poison/Air       3
   c - Olgreb's Toxic Radiance        Poison                       4
   d - Alistair's Intoxication        Transmutation/Poison         5
   e - Venom Bolt                     Conjuration/Poison           5
 x - a book of Air

   Spells                             Type                      Level
   a - Shock                          Conjuration/Air              1
   b - Swiftness                      Charms/Air                   2
   c - Repel Missiles                 Charms/Air                   2
   d - Static Discharge               Conjuration/Air              3
   e - Lightning Bolt                 Conjuration/Air              5
Comestibles
 f - 8 bread rations
 g - 5 beef jerkies
 i - 5 slices of pizza
 v - 3 meat rations


   Skills:
 - Level 8.6(13.6) Fighting
 - Level 15.0(20.0) Maces & Flails
 + Level 11.2(16.2) Armour
 - Level 5.8(10.8) Shields
 + Level 4.4 Invocations


You had 11 spell levels left.
You didn't know any spells.

Dungeon Overview and Level Annotations

Branches:
Dungeon (10/15)            Temple (0/1) D:5            Lair (3/6) D:10
    Orc (2/2) D:10
  Swamp: Lair:2-4    Shoals: Lair:2-4     Snake: Lair:2-4    Spider: Lair:2-4
    Elf: Orc:2

Altars:
Dithmenos
Elyvilon
Nemelex Xobeh
Okawaru
Vehumet
Beogh

Annotations:
D:2 Sigmund


Innate Abilities, Weirdness & Mutations

You are resistant to torment.
Your stone body is resilient. (AC +8)
You are immune to poison.
You resist negative energy. (rN+)
You are resistant to electric shocks. (rElec)
You can survive without breathing.
You are immune to petrification.
You are immune to rotting.
You are partially covered in icy blue scales. (AC +2)
You are partially covered in molten scales. (AC +2)
You are resistant to hostile enchantments. (MR+)
You are robust. (+10% HP)
Your spells are a little harder to cast, but a little more powerful.


Message History

Your scale mail "Temag" prevents you from hitting the six-headed hydra.
The six-headed hydra is severely wounded.
The six-headed hydra bites you.
The six-headed hydra barely misses you. x2
The six-headed hydra bites you but does no damage.
The six-headed hydra bites you! The six-headed hydra bites you.
You hit the six-headed hydra.
The six-headed hydra is severely wounded.
You sock the six-headed hydra!
The six-headed hydra is almost dead.
The six-headed hydra bites you but does no damage.
The six-headed hydra bites you.
* * * LOW HITPOINT WARNING * * *
The six-headed hydra misses you.
The six-headed hydra bites you but does no damage. x2
The six-headed hydra bites you!
* * * LOW HITPOINT WARNING * * *
You feel yourself speed up.
The six-headed hydra barely misses you. x2
The six-headed hydra closely misses you.
The six-headed hydra bites you!
You die...

#########.#P#####.##.########P###
.................................
............####..#'###..#.##.###
.............# #.P#.# #...###.##
#..#######..####.##.###..###P..##
##.#######..###.....##P...#......
##......##...##.....###..###.....
##......##..###..#.## #..##......
#.......P#..# ##@######..###..###
##......##..####D###.##..# ##.###
##.#######...............####.#P#
##.#.#.##........................
.................................
.................................
.................................
.................................
####'###...................#..###


You could see a six-headed hydra.

Vanquished Creatures
  A hydra (Lair:1)
  Urug (Lair:3)
  A hill giant (D:10)
  11 elephants (Lair:3)
  Joseph (D:10)
  A spiny frog (Lair:3)
  A black mamba (Lair:2)
  A rime drake (Lair:3)
  3 komodo dragons
  A hornet (D:10)
  4 blink frogs (Lair:1)
  8 hippogriffs
  12 yaks (Lair:1)
  A basilisk (Lair:1)
  2 wyverns
  Menkaure (D:6)
  8 nagas
  8 water moccasins
  7 orc warriors
  6 porcupines
  5 ice beasts
  3 sky beasts
  5 ogres
  A black bear (D:8)
  11 wolves
  A centaur (D:9)
  3 crocodiles
  A gnoll sergeant (D:5)
  6 bullfrogs
  4 scorpions
  3 killer bees
  An electric eel (D:7)
  8 wights
  4 crimson imps
  A centaur zombie (D:7)
  A bullfrog zombie (D:6)
  2 centaur skeletons
  2 hounds
  5 orc priests
  Crazy Yiuf (D:2)
  A gnoll shaman (D:4)
  Jessica (D:2)
  2 iguanas
  8 orc wizards
  6 worker ants
  9 adders
  6 gnolls
  4 shadow imps
  An ooze (D:6)
  An adder skeleton (D:6)
  2 adder zombies
  2 worms
  2 dart slugs
  9 leopard geckos
  64 orcs
  13 bats
  4 giant cockroaches
  5 goblins
  6 hobgoblins (D:1)
  14 jackals
  7 kobolds
  4 quokkas
  11 frilled lizards
  A goblin zombie (D:6)
  A jackal skeleton (D:5)
  A leopard gecko zombie (D:5)
  A quokka skeleton (D:4)
  7 rats
  A rat zombie (D:6)
341 creatures vanquished.

Vanquished Creatures (others)
  An adder (D:7)
  An adder zombie (D:7)
  A quokka (D:10)
  8 fungi
  4 plants
15 creatures vanquished.

Grand Total: 356 creatures vanquished

Notes
Turn   | Place    | Note
-------+----------+-------------------------------------------
     0 | D:1      | Darkmans the Gargoyle Fighter began the quest for the Orb.
     0 | D:1      | Reached XP level 1. HP: 14/14 MP: 1/1
   108 | D:1      | Reached XP level 2. HP: 15/19 MP: 2/2
   219 | D:1      | Reached skill level 3 in Maces & Flails
   347 | D:1      | Reached XP level 3. HP: 23/23 MP: 3/3
   690 | D:2      | Found a sparkling altar of Nemelex Xobeh.
   830 | D:2      | Noticed Sigmund
   896 | D:1      | Reached skill level 4 in Maces & Flails
  1005 | D:2      | Found a runed door.
  1009 | D:2      | Noticed Crazy Yiuf
  1016 | D:2      | Killed Crazy Yiuf
  1016 | D:2      | Reached XP level 4. HP: 28/28 MP: 4/4
  1060 | D:2      | Noticed Jessica
  1070 | D:2      | Killed Jessica
  1078 | D:3      | Found an iron altar of Okawaru.
  1125 | D:3      | Became a worshipper of Warmaster Okawaru
  1167 | D:3      | Reached XP level 5. HP: 32/32 MP: 5/5
  1202 | D:3      | Reached skill level 5 in Maces & Flails
  1411 | D:3      | Noticed an ogre
  1426 | D:3      | Killed an ogre
  1426 | D:3      | Reached skill level 6 in Maces & Flails
  1426 | D:3      | Reached XP level 6. HP: 3/37 MP: 6/6
  1823 | D:3      | Found a radiant altar of Vehumet.
  1824 | D:3      | Found a shadowy altar of Dithmenos.
  2425 | D:4      | Reached skill level 7 in Maces & Flails
  2719 | D:4      | Reached * piety under Okawaru
  2719 | D:4      | Reached XP level 7. HP: 33/41 MP: 7/7
  3323 | D:4      | Gained mutation: Your spells are a little harder to cast, but a little more powerful. [potion of beneficial mutation]
  3518 | D:5      | Entered Level 5 of the Dungeon
  3550 | D:5      | Reached skill level 8 in Maces & Flails
  4043 | D:5      | Reached XP level 8. HP: 46/46 MP: 8/8
  4050 | D:5      | Reached skill level 9 in Maces & Flails
  4069 | D:5      | Found a staircase to the Ecumenical Temple.
  4639 | D:5      | Reached ** piety under Okawaru
  4641 | D:5      | Reached skill level 10 in Maces & Flails
  5401 | D:6      | Noticed Menkaure
  5415 | D:6      | Killed Menkaure
  5415 | D:6      | Reached skill level 11 in Maces & Flails
  5650 | D:6      | Reached XP level 9. HP: 51/51 MP: 9/9
  5837 | D:7      | Got a crude ring mail
  5848 | D:7      | Identified the +3 ring mail of Gexzu {rC+ rCorr Int+4 Stlth+} (You found it on level 7 of the Dungeon)
  6164 | D:7      | Reached *** piety under Okawaru
  6463 | D:6      | Reached skill level 12 in Maces & Flails
  6650 | D:7      | You fall through a shaft!
  6846 | D:8      | Gained mutation: You are resistant to hostile enchantments. (MR+) [mutagenic meat]
  7047 | D:8      | Reached **** piety under Okawaru
  7236 | D:8      | Reached skill level 13 in Maces & Flails
  7236 | D:8      | Reached XP level 10. HP: 50/56 MP: 10/10
  7648 | D:9      | Reached skill level 5 in Armour
  8680 | D:9      | Found a roughly hewn altar of Beogh.
  8929 | D:10     | Entered Level 10 of the Dungeon
  9388 | D:10     | Found a staircase to the Orcish Mines.
  9423 | D:10     | Reached ***** piety under Okawaru
  9520 | D:10     | Found a staircase to the Lair.
  9641 | D:10     | Noticed a hill giant
  9675 | D:10     | Killed a hill giant
  9810 | D:10     | Noticed Joseph
  9825 | D:10     | Killed Joseph
  9825 | D:10     | Reached skill level 14 in Maces & Flails
  9965 | D:10     | Got a jade-encrusted scale mail
  9976 | D:10     | Identified the +6 scale mail "Temag" {*Drain +Fly rElec rPois} (You found it on level 10 of the Dungeon)
 10062 | D:10     | Found a white marble altar of Elyvilon.
 10302 | Orc:1    | Entered Level 1 of the Orcish Mines
 10422 | Orc:2    | Entered Level 2 of the Orcish Mines
 10560 | Lair:1   | Entered Level 1 of the Lair of Beasts
 10582 | Lair:1   | Reached XP level 11. HP: 56/60 MP: 11/11
 10853 | Lair:1   | Received a gift from Okawaru
 11009 | Lair:1   | Noticed a five-headed hydra
 11014 | Lair:1   | Killed a five-headed hydra
 11014 | Lair:1   | Reached skill level 5 in Fighting
 12124 | Lair:3   | Noticed Urug
 12147 | Lair:3   | Killed Urug
 12147 | Lair:3   | Reached skill level 15 in Maces & Flails
 12591 | Lair:3   | Received a gift from Okawaru
 12591 | Lair:3   | Reached skill level 5 in Shields
 12701 | Lair:3   | Reached XP level 12. HP: 75/75 MP: 12/12
 13166 | Lair:3   | Reached skill level 10 in Armour
 13387 | Lair:3   | Gained mutation: You are partially covered in icy blue scales. (AC +2) [potion of mutation]
 13387 | Lair:3   | Gained mutation: You are partially covered in molten scales. (AC +2) [potion of mutation]
 13387 | Lair:3   | Gained mutation: You are robust. (+10% HP) [potion of mutation]
 13456 | Lair:3   | Reached skill level 1 in Invocations
 13604 | Lair:3   | Reached ****** piety under Okawaru
 13801 | Lair:1   | Received a gift from Okawaru
 13806 | Lair:1   | Got an encrusted eveningstar {god gift}
 13807 | Lair:1   | Identified the +3 eveningstar of Daraojent {drain, -Tele rElec rPois} (Okawaru gifted it to you on level 1 of the Lair of Beasts)
 14675 | Lair:1   | Noticed a six-headed hydra
 14718 | Lair:1   | Slain by a six-headed hydra

Skill      XL: |  1  2  3  4  5  6  7  8  9 10 11 12 |
---------------+-------------------------------------+-----
Maces & Flails | 3 4 6 7 8 11 13 14 15 | 15.0
Armour         | 4 8 11 | 11.2
Fighting       | 8 |  8.6
Shields        | 5 |  5.8
Invocations    | 4 |  4.4

Action                   |  1- 3 |  4- 6 |  7- 9 | 10-12 || total
-------------------------+-------+-------+-------+-------++-------
Melee: Flail             |   170 |   184 |   503 |       ||   857
       Morningstar       |       |       |    62 |   601 ||   663
       Great mace        |       |       |       |   189 ||   189
       Eveningstar       |       |       |       |     9 ||     9
Invok: Heroism           |       |       |       |     1 ||     1
 Abil: Evoke Flight      |       |       |       |     1 ||     1
Evoke: Wand              |       |       |       |     7 ||     7
  Use: Potion            |       |     1 |     6 |     5 ||    12
       Scroll            |       |       |    13 |     5 ||    18
 Stab: Sleeping          |       |       |     2 |     1 ||     3
  Eat: Chunk             |       |     4 |    14 |    13 ||    31
       Bread ration      |       |     1 |       |       ||     1
       Fruit             |       |       |       |     4 ||     4
       Pizza             |       |       |       |     3 ||     3
       Meat ration       |       |       |       |     2 ||     2
Armor: Scale mail        |   134 |    87 |   236 |   382 ||   839
       Ring mail         |       |       |   102 |   128 ||   230
       Skin              |       |       |     5 |       ||     5
Dodge: Dodged            |    79 |    51 |   224 |   292 ||   646
Block: Shield            |   122 |   106 |   304 |   311 ||   843
